 Dungeon Crawl Stone Soup version 0.29-a0-775-g4d7333d4e2 (webtiles) character file.

Game seed: 7834781181253437484

112 jifgo the Insei (level 4, -6/28 HPs)
             Began as an Octopode Transmuter on July 2, 2022.
             Was an Initiate of Wu Jian.
             Splashed by a jelly's acid (10 damage)
             ... on level 4 of the Dungeon.
             The game lasted 00:07:51 (2953 turns).

jifgo the Insei (Octopode Transmuter)               Turns: 2953, Time: 00:07:51

Health: -6/28      AC: -3    Str: 11    XL:     4   Next: 95%
Magic:  6/7        EV: 13    Int: 15    God:    Wu Jian [......]
Gold:   193        SH:  0    Dex: 18    Spells: 1/7 levels left

rFire   . . .      SeeInvis +     - Unarmed
rCold   + + .      Faith    .   (no shield)
rNeg    . . .      Spirit   .   (helmet currently unavailable)
rPois   +          Reflect  .   (no amulet)
rElec   .          Harm     .   g - ring of Daegysin {rPois rC++ Dex+6 SInv Stlth-}
rCorr   .          Rampage  .   (no ring)
Will    .....                   (no ring)
Stlth   ++........              (no ring)
HPRegen 0.09/turn               (no ring)
MPRegen 0.10/turn               (no ring)
                                (no ring)
                                (no ring)

@: appendages, corroded
A: tentacle spike 3, almost no armour, amphibious, 8 rings, camouflage 1,
gelatinous body 1, (nimble swimmer 1), tentacles
a: End Transformation, Renounce Religion


You were on level 4 of the Dungeon.
You worshipped Wu Jian.
Wu Jian was noncommittal.
One of your tentacles had grown a beastly spike.
You visited 1 branch of the dungeon, and saw 4 of its levels.

You collected 193 gold pieces.

Inventory:

Missiles
 j - 2 throwing nets
Jewellery
 g - the ring of Daegysin (left tentacle) {rPois rC++ Dex+6 SInv Stlth-}
   (You found it on level 2 of the Dungeon)

   [ring of dexterity]

   Dex:       It affects your dexterity (+6).
   rC:        It greatly protects you from cold.
   rPois:     It protects you from poison.
   SInv:      It lets you see invisible.
   Stlth:     It makes you less stealthy.
Scrolls
 c - a scroll of enchant weapon {unknown}
 d - 2 scrolls of teleportation {unknown}
 e - 2 scrolls of identify {unknown}
 l - a scroll of blinking {unknown}
 o - a scroll of enchant armour {unknown}
Potions
 a - 2 potions of lignification
 b - a potion of attraction {unknown}
 f - 6 potions of curing {unknown}
 h - a potion of cancellation {unknown}
 i - 2 potions of berserk rage {unknown}
 k - a potion of heal wounds {unknown}
 m - a potion of magic {unknown}
 n - 2 potions of mutation {unknown}


   Skills:
 + Level 1.2 Fighting
 + Level 2.1 Dodging
 + Level 1.0 Stealth
 + Level 5.0 Unarmed Combat
 + Level 2.1 Spellcasting
 + Level 2.1 Transmutations


You had one spell level left.
You knew the following spells:

 Your Spells              Type           Power      Damage    Failure   Level
a - Wereblood             Tmut           8%         N/A       14%         2
b - Spider Form           Tmut/Pois      4%         N/A       38%         3
x - Beastly Appendage     Tmut           16%        N/A       9%          1

Your spell library contained the following spells:

 Spells                   Type           Power      Damage    Failure   Level
 Foxfire                  Conj/Fire      4%         2x1d4     22%         1
 Conjure Flame            Conj/Fire      1%         6-21      54%         3
 Inner Flame              Hex/Fire       1%         N/A       54%         3
 Ice Form                 Ice/Tmut       4%         N/A       80%         4
 Flame Wave               Conj/Fire      1%         2d4       91%         4


Dungeon Overview and Level Annotations

Branches:
Dungeon (4/15)
 Temple: D:4-7

Altars:
Wu Jian


Innate Abilities, Weirdness & Mutations

One of your tentacles has grown a beastly spike.
You cannot wear most types of armour.
You are amphibious.
You can wear up to eight rings at the same time.
Your skin changes colour to match your surroundings (Stealth+).
Your rubbery body absorbs attacks. (AC +1, EV +1)
((You are camouflaged when in or above water. (Stealth+)))
You have tentacles for arms and can constrict up to eight enemies at once.


Message History

Confirm with . or Enter, or press ? or * to list all spells.
One of your tentacles grows a vicious spike.
You lunge at the giant cockroach.
You tentacle-slap the giant cockroach but do no damage.
Your grab misses the giant cockroach.
You pierce the giant cockroach.
Your squeeze misses the giant cockroach.
The giant cockroach is severely wounded.
The giant cockroach bites you.
You tentacle-slap the giant cockroach.
You kill the giant cockroach!
The Council accepts your kill.
Your Stealth skill increases to level 1!
Your transformation is almost over.
Magic restored.
Your tentacle spike disappears.
HP restored.
You now have 193 gold pieces (gained 3).
A jelly comes into view.
Casting: Beastly Appendage (safe; 9% risk of failure)
Confirm with . or Enter, or press ? or * to list all spells.
One of your tentacles grows a vicious spike.
The helpless jelly fails to defend itself.
You bludgeon the jelly!
Your tentacles burn!
You pierce the jelly.
The jelly is severely wounded.
The jelly hits you. The acid corrodes you!
You are splashed with acid!
* * * LOW HITPOINT WARNING * * *
You tentacle-slap the jelly.
Your tentacles burn!
* * * LOW HITPOINT WARNING * * *
You pierce the jelly, but do no damage.
The jelly is almost dead.
The jelly jiggles.
The jelly misses you.
You tentacle-slap the jelly.
Your tentacles burn!
* * * LOW HITPOINT WARNING * * *
You squeeze the jelly, but do no damage.
The jelly is almost dead.
The jelly hits you.
* * * LOW HITPOINT WARNING * * *
You are splashed with acid!
You die...

...................#
....
...................#
....
..###..####.####...#
..... ###..#
######...# .....
#....# #.....#......
#....# #.....#......
#....# #............
##...# #####..######
###...####.# #.@...#
#...<....... #J....#
#........... #.....#
#........... #.....#
###...####.. #.....#
#...# # #######
...<. .....# ......#


You could see a jelly.

Vanquished Creatures
  5 adders
  2 worms (D:2)
  A dart slug (D:1)
  3 orcs (D:3)
  6 endoplasms
  5 giant cockroaches
  2 goblins
  3 hobgoblins
  3 jackals (D:2)
  7 ball pythons
  7 bats
  4 frilled lizards
  4 kobolds
  3 rats (D:2)
55 creatures vanquished.

Notes
Turn   | Place    | Note
-------+----------+-------------------------------------------
     0 | D:1      | jifgo the Octopode Transmuter began the quest for the Orb.
     0 | D:1      | Reached XP level 1. HP: 13/13 MP: 3/3
   121 | D:1      | Reached XP level 2. HP: 17/18 MP: 3/5
   927 | D:2      | Reached skill level 4 in Unarmed Combat
   990 | D:2      | Reached XP level 3. HP: 23/23 MP: 4/6
  1091 | D:2      | Identified the ring of Daegysin {rPois rC++ Dex+6 SInv
                  | Stlth-}
  1532 | D:2      | Reached XP level 4. HP: 22/28 MP: 5/7
  1552 | D:2      | Learned a level 2 spell: Wereblood
  1556 | D:2      | Learned a level 3 spell: Spider Form
  2289 | D:3      | Reached skill level 5 in Unarmed Combat
  2417 | D:3      | Found an ornate altar of the Wu Jian Council.
  2422 | D:3      | Became a worshipper of the Wu Jian Council
  2909 | D:4      | Reached skill level 1 in Stealth
  2953 | D:4      | Splashed by a jelly's acid

Illustrated notes

Levels and vault maps discovered:
D:1:      eino_arrival_tree_alley, layout_loops_cross
D:2:      minmay_razor_zed, layout_basic, serial_glass, glass_columns_a,
          glass_columns_a
D:3:      layout_loops_corners, mainiacjoe_overflow_24_doors
D:4:      layout_gridville, minmay_temple_entry_from_below_a, uniq_duvessa

Skill      XL: |  1  2  3  4 |
---------------+-------------+-----
Unarmed Combat | 4 5 |  5.0
Stealth        | 1 |  1.0
Fighting       | |  1.2
Dodging        | |  2.1
Spellcasting   | |  2.1
Transmutations | |  2.1

Action                   |  1- 3 |  4- 6 || total
-------------------------+-------+-------++-------
Melee: Unarmed           |    60 |    34 ||    94
       Constrict         |    21 |     8 ||    29
       Kick              |    14 |    12 ||    26
       Tentacles         |    14 |     4 ||    18
       Punch             |     3 |     2 ||     5
 Cast: Beastly Appendage |    15 |    11 ||    26
       Wereblood         |       |     2 ||     2
Invok: Lunge             |       |     4 ||     4
 Stab: Sleeping          |     6 |     3 ||     9
       Distracted        |     1 |       ||     1
Armor: Skin              |    11 |     2 ||    13
Dodge: Dodged            |    39 |    11 ||    50

Table legend: (Time is in decaauts)
 A = Elapsed time spent in this place.
 B = Non-inter-level travel time spent in this place.
 C = Inter-level travel time spent in this place.
 D = Time resting spent in this place.
 E = Time spent auto-exploring this place.
 F = Levels seen in this place.
 G = Mean time per level.
                   A        B        C        D        E       F      G
               +--------+--------+--------+--------+--------+-----+--------+
         Total |   2944 |   2826 |    118 |    330 |   1958 |   4 |  736.0 |
       Dungeon |   2944 |   2826 |    118 |    330 |   1958 |   4 |  736.0 |
               +--------+--------+--------+--------+--------+-----+--------+

Top non-repeatable levels by time:
     D:2: 1048 daAuts
     D:3: 933 daAuts
     D:1: 910 daAuts
     D:4: 53 daAuts
